 Dungeon Crawl Stone Soup version 0.29-a0-418-gc0181ea820 (console) character file.

Game seed: 2344077950595192644

2 om the Insei (level 1, 0/15 HPs)
             Began as a Merfolk Transmuter on May 17, 2022.
             Slain by a kobold
             ... wielding a +1 dagger of protection
              (2 damage)
             ... on level 1 of the Dungeon.
             The game lasted 00:00:23 (195 turns).

om the Insei (Merfolk Transmuter)                    Turns: 195, Time: 00:00:23

Health: 0/15       AC:  2    Str: 10    XL:     1   Next: 40%
Magic:  2/3        EV: 12    Int: 12    God:
Gold:   0          SH:  0    Dex: 14    Spells: 3/4 levels left

rFire   . . .      SeeInvis .     - Unarmed
rCold   . . .      Faith    .   (no shield)
rNeg    . . .      Spirit   .   a - +0 robe
rPois   .          Reflect  .   (helmet currently unavailable)
rElec   .          Harm     .   (no cloak)
rCorr   .          Rampage  .   (no gloves)
Will    .....                   (boots currently unavailable)
Stlth   +.........              (no amulet)
HPRegen 0.05/turn               (no ring)
MPRegen 0.08/turn               (no ring)

@: appendages (expiring)
A: horns 2, (nimble swimmer 2), mertail
a: End Transformation


You were on level 1 of the Dungeon.
You had temporarily grown beastly horns.
You visited 1 branch of the dungeon, and saw 1 of its levels.

Inventory:

Armour
 a - a +0 robe (worn)
Potions
 b - a potion of lignification
 c - a potion of invisibility {unknown}


   Skills:
 * Level 1.1 Fighting
 * Level 2.7 Dodging
 + Level 3.3 Unarmed Combat
 + Level 2.0 Spellcasting
 * Level 2.7 Transmutations


You had 3 spell levels left.
You knew the following spells:

 Your Spells              Type           Power      Damage    Failure   Level
a - Beastly Appendage     Tmut           14%        N/A       9%          1

Your spell library contained the following spells:

 Spells                   Type           Power      Damage    Failure   Level
 Wereblood                Tmut           7%         N/A       13%         2
 Spider Form              Tmut/Pois      4%         N/A       43%         3
 Ice Form                 Ice/Tmut       4%         N/A       83%         4


Dungeon Overview and Level Annotations

Branches:
Dungeon (1/15)

Altars:


Innate Abilities, Weirdness & Mutations

You have temporarily grown beastly horns.
((You are very nimble when in or above water. (Stealth+, EV+, Speed+++)))
Your lower body shifts to a powerful aquatic tail in water.


Message History

You kill the bat!
The bat closely misses you.
You miss the bat.
The bat is severely wounded.
Your transformation is almost over.
The bat misses you.
You hit the bat.
You kill the bat!
No target in view!
You start resting.
Magic restored.
You start resting.
Your horns disappear.
HP restored.
You start waiting.
Done waiting.
A kobold comes into view.
It is wielding a +1 dagger of protection.
Casting: Beastly Appendage (safe; 9% risk of failure)
Press: ? - help, Q - select action Dir - look around, f - activate You grow a pair of large bovine horns.
The kobold shouts!
The kobold throws a stone.
The stone hits you but does no damage.
A hobgoblin comes into view.
The hobgoblin shouts!
The kobold hits you with a +1 dagger of protection.
You closely miss the kobold. The kobold closely misses you.
A kobold comes into view. It is wielding a +0 short sword.
You barely miss the kobold. The kobold barely misses you.
You hit the kobold but do no damage.
The kobold hits you with a +1 dagger of protection.
You hit the kobold but do no damage.
Your transformation is almost over.
The kobold hits you with a +1 dagger of protection.
You are too injured to fight recklessly!
The kobold misses you. The hobgoblin attacks as you move away!
The hobgoblin hits you.
* * * LOW HITPOINT WARNING * * *
The kobold attacks as you move away!
The kobold hits you with a +1 dagger of protection.
You die...

.....##..#.
..........
..........
.........
......K..
........#
.......K########..
#......K@[.....#
..###....g.?##.#.#
#............#)
######......#.#
###...##.##...
#........#
##...##.## #.†.##
##...#


You could see a hobgoblin and 2 kobolds.

Vanquished Creatures
  A ball python (D:1)
  2 bats (D:1)
3 creatures vanquished.

Notes
Turn   | Place    | Note
-------+----------+-------------------------------------------
     0 | D:1      | om the Merfolk Transmuter began the quest for the Orb.
     0 | D:1      | Reached XP level 1. HP: 15/15 MP: 3/3
   195 | D:1      | Slain by a kobold

Illustrated notes

Levels and vault maps discovered:
D:1:      dpeg_arrival_rooms_b, layout_rooms, st_stairs_11, minmay_tromino_v7

Action                   || total
-------------------------++-------
Melee: Unarmed           ||    12
       Headbutt          ||     1
 Cast: Beastly Appendage ||     2
Armor: Robe              ||     5
Dodge: Dodged            ||    13

Table legend: (Time is in decaauts)
 A = Elapsed time spent in this place.
 B = Non-inter-level travel time spent in this place.
 C = Inter-level travel time spent in this place.
 D = Time resting spent in this place.
 E = Time spent auto-exploring this place.
 F = Levels seen in this place.
 G = Mean time per level.
                   A        B        C        D        E       F      G
               +--------+--------+--------+--------+--------+-----+--------+
         Total |    194 |    194 |      0 |    150 |     17 |   1 |  194.0 |
       Dungeon |    194 |    194 |      0 |    150 |     17 |   1 |  194.0 |
               +--------+--------+--------+--------+--------+-----+--------+

Top non-repeatable levels by time:
     D:1: 194 daAuts
